 Dungeon Crawl Stone Soup version 0.32-a0-306-gfed3edf829 (webtiles) character file.

Game seed: 1185916991994274607

112 Strat the Ruffian (level 4, 0/37 HPs)
             Began as a Draconian Shapeshifter on Feb 14, 2024.
             Killed from afar by Ijyb (5 damage)
             ... with a puff of flame
             ... on level 3 of the Dungeon.
             The game lasted 00:03:08 (1362 turns).

Strat the Ruffian (Draconian Shapeshifter)          Turns: 1362, Time: 00:03:09

Health: 0/37       AC:  5    Str: 19    XL:     4   Next: 64%
Magic:  4/4        EV: 11    Int: 10    God:
Gold:   27         SH:  3    Dex: 10    Spells: 3/3 levels left

rFire   . .          .
                       - Unarmed
rCold   . . .        e - +0 buckler
rNeg    . . .        (body armour unavailable)
rPois   .            (helmet currently unavailable)
rElec   .            (cloak currently unavailable)
rCorr   .            (gloves currently unavailable)
SInv    .            (boots currently unavailable)
Will    .....        (no amulet)
Stlth   +            (no ring)
HPRegen 0.26/turn    (no ring)
MPRegen 0.09/turn

%: no passive effects
@: beast-form
A: beast (slay +1), AC +5, unfitting armour, cold-blooded
a: Begin Untransformation


You were on level 3 of the Dungeon.
You were a hulking beast.
You visited 1 branch of the dungeon, and saw 3 of its levels.

You collected 27 gold pieces.

Inventory:

Missiles
 j - 4 poisoned darts (quivered)
Armour
 e - a +0 buckler (worn)
Talismans
 b - a beast talisman (active)
 c - a flux talisman
Scrolls
 d - a scroll of noise {unknown}
 f - 3 scrolls of identify {unknown}
 h - a scroll of silence {unknown}
 i - a scroll of acquirement {unknown}
 k - 2 scrolls of fear {unknown}
Potions
 a - a potion of lignification
 g - a potion of brilliance {unknown}


   Skills:
 + Level 2.3 Fighting
 + Level 2.5 Dodging
 * Level 4.1 Unarmed Combat
 + Level 3.4 Shapeshifting


You had 3 spell levels left.
You didn't know any spells.
Your spell library contained the following spells:

 Spells                   Type           Power      Damage    Failure   Level
 Jinxbite                 Hex            0%         N/A       58%         2
 Cause Fear               Hex            0%         N/A       99%         4
 Fireball                 Conj/Fire      0%         3d3       100%        5
 Yara's Violent Unravell  Hex/Alch       0%         3d3       100%        5
 Enfeeble                 Hex            0%         N/A       100%        7
 Dragon's Call            Summ           0%         N/A       100%        9


Dungeon Overview and Level Annotations

Branches:
Dungeon (3/15)

Altars:

Annotations:
D:2 Sigmund
D:3 Ijyb


Innate Abilities, Weirdness & Mutations

You are a hulking beast.
Your limbs bulge with bestial killing power. (Slay +1)
Your plain brown scales are hard. (AC +5)
You cannot fit into any form of body armour.
You are cold-blooded and may be slowed by cold attacks.


Message History

You feel sick.
You feel sick.
You feel sick.
You feel sick.
You are no longer poisoned.
Ijyb the Inquisitive comes into view.
She is wielding a +2 spectral club and carrying a wand of flame.
Ijyb zaps a wand.
The puff of flame hits you.
You see here an adder corpse.
You start resting.
Ijyb is nearby!
Ijyb hits you but does no damage. The +2 spectral club hits you.
A +2 spectral club comes into view.
You closely miss Ijyb.
Ijyb zaps a wand.
The puff of flame hits you.
You hit Ijyb.
Ijyb is lightly wounded.
The +2 spectral club disappears.
Ijyb hits you with a +2 spectral club.
* * * LOW HITPOINT WARNING * * *
The +2 spectral club hits you.
* * * LOW HITPOINT WARNING * * *
A +2 spectral club comes into view.
You hit Ijyb.
Ijyb is moderately wounded.
Ijyb barely misses you. The +2 spectral club hits you!
* * * LOW HITPOINT WARNING * * *
You hit Ijyb.
Ijyb is heavily wounded.
You hit Ijyb but do no damage.
Ijyb is heavily wounded.
Ijyb zaps a wand.
The puff of flame hits you.
* * * LOW HITPOINT WARNING * * *
Unknown command.
You hit Ijyb.
Ijyb is severely wounded.
The +2 spectral club disappears.
Ijyb zaps a wand.
The puff of flame hits you!
* * * LOW HITPOINT WARNING * * *
You closely miss Ijyb. You tail-slap Ijyb.
Ijyb is severely wounded.
Ijyb zaps a wand.
The puff of flame hits you.
You die...
Ijyb screams, "Time for next experiment!"

.................................
#.####...#.....................##
#.# #....#...###.#####...##......
#.# #.#..#...# #.#####.#.#...)...
#.# #.#..##### #.......#.#.......
#.# #.#..# #.#####.#.#..#####
#.###.#..#######.#######.#..#
....#.#..........g†.# #.#..#
................h##.# #....#
#####.#.########.#..# ###
...............#.#..#
###......#####.#.#..# .........#
#.#.#..# ###......# #.#.#..#
#......#####.#.#.g#
###..........#.#...
#.##.#######.#...


You could see Ijyb.

Vanquished Creatures
  An orc wizard (D:3)
  An adder (D:3)
  2 orcs (D:3)
  4 endoplasms
  2 giant cockroaches
  4 goblins
  2 hobgoblins (D:1)
  3 jackals (D:3)
  8 kobolds
  2 quokkas
  2 ball pythons (D:1)
  5 bats
  3 frilled lizards
  6 rats
45 creatures vanquished.

Notes
Turn   | Place    | Note
-------+----------+-------------------------------------------
     0 | D:1      | Strat the Draconian Shapeshifter began the quest for the
                  | Orb.
     0 | D:1      | Reached XP level 1. HP: 16/16 MP: 1/1
    75 | D:1      | Found a faded altar of an unknown god.
    81 | D:1      | Reached XP level 2. HP: 23/23 MP: 2/2
   250 | D:1      | Reached XP level 3. HP: 29/29 MP: 3/3
   861 | D:2      | Noticed Sigmund
   962 | D:3      | Reached skill level 4 in Unarmed Combat
   962 | D:3      | Reached XP level 4. HP: 22/36 MP: 4/4
  1343 | D:3      | Noticed Ijyb
  1362 | D:3      | Killed from afar by Ijyb

Illustrated notes

Levels and vault maps discovered:
D:1:      scummos_arrival_gate, layout_basic, dreamdust_ecumenical_altar_statues
D:2:      layout_basic, feat_on_display, uniq_sigmund
D:3:      layout_basic, serial_shops, shop, uniq_ijyb, uniq_crazy_yiuf_cottage

Skill      XL: |  1  2  3 |
---------------+----------+-----
Dodging        | 2 |  2.5
Fighting       | 2 |  2.3
Unarmed Combat | 4 |  4.1
Shapeshifting  | |  3.4

Action                     |  1- 3 |  4- 6 || total
---------------------------+-------+-------++-------
  Melee: Unarmed           |    82 |    29 ||   111
         Tailslap          |     7 |     6 ||    13
 Armour: Skin              |    43 |    21 ||    64
  Dodge: Dodged            |    29 |    12 ||    41
  Block: Buckler           |    11 |     3 ||    14

Table legend: (Time is in decaauts)
 A = Elapsed time spent in this place.
 B = Non-inter-level travel time spent in this place.
 C = Inter-level travel time spent in this place.
 D = Time resting spent in this place.
 E = Time spent auto-exploring this place.
 F = Levels seen in this place.
 G = Mean time per level.
                   A        B        C        D        E       F      G
               +--------+--------+--------+--------+--------+-----+--------+
         Total |   1362 |   1328 |     34 |     41 |    927 |   3 |  454.0 |
       Dungeon |   1362 |   1328 |     34 |     41 |    927 |   3 |  454.0 |
               +--------+--------+--------+--------+--------+-----+--------+

Top non-repeatable levels by time:
     D:1: 664 daAuts
     D:3: 478 daAuts
     D:2: 219 daAuts
